AoeStats
← Lagartixa acessa

Black Forest

506299176Analyzed
2v2 RM · 20d ago on Sep 13, 2026· 123m 43s· 4 players
Game mode
Random Map
Map size
Medium (4 player)
Population
200
Speed
Normal
Resources
Standard
Victory
Conquest
Starting age
Dark Age
Ending age
Imperial Age
RankedLock teamsTeams togetherTeam positionsShared explorationLock speedFull tech treeHidden civsTurbo modeCheats
Victory
Defeat
🇧🇷 Teutons · Brazil
440
+22
🇧🇷 Britons · Brazil
416
+23
🇦🇺 Romans · Australia
599
-22
🇨🇱 Mongols · Chile
577
-23
evilkenshin
8:53 Feudal Age
9:31 Double-Bit Axe
10:32 Horse Collar
14:34 Wheelbarrow
16:09 Man-at-Arms
18:31 Gold Mining
19:28 Stone Mining
20:41 Fletching
22:25 Town Watch
26:34 Castle Age
26:22 Bloodlines
26:31 Forging
27:33 Hand Cart
27:22 Heavy Plow
28:03 Bow Saw
28:52 Bodkin Arrow
29:23 Squires
30:11 Pikeman
30:15 Elite Skirmisher
32:16 Town Patrol
32:30 Scale Mail Armor
33:45 Gold Shaft Mining
33:02 Long Swordsman
37:44 Caravan
42:38 Imperial Age
40:46 Padded Archer Armor
40:31 Crossbowman
42:29 Chain Mail Armor
43:57 Crop Rotation
44:11 Conscription
44:08 Legionary
46:15 Ballistics
47:09 Fortified Wall
47:24 Husbandry
48:49 Scale Barding Armor
49:04 Murder Holes
49:25 Masonry
50:16 Siege Engineers
49:37 Halberdier
51:02 Elite Centurion
54:07 Comitatenses
54:55 Iron Casting
57:27 Chemistry
57:27 Masonry
60:21 Blast Furnace
68:01 Chain Barding Armor
Sebasstt
0:56 Loom
14:23 Feudal Age
15:35 Double-Bit Axe
18:00 Wheelbarrow
20:52 Fletching
25:07 Castle Age
23:34 Town Watch
25:49 Bodkin Arrow
26:41 Hand Cart
26:39 Bow Saw
26:41 Gold Mining
28:42 Crossbowman
31:19 Stone Mining
32:39 Gold Shaft Mining
34:23 Masonry
39:04 Imperial Age
37:23 Town Watch
41:12 Parthian Tactics
41:08 Fortified Wall
42:19 Thumb Ring
42:52 Drill
44:30 Elite Mangudai
45:31 Bloodlines
47:05 Ballistics
47:46 Chemistry
46:20 Elite Skirmisher
48:41 Bracer
49:07 Onager
50:46 Siege Onager
53:33 Padded Archer Armor
54:10 Siege Onager
55:21 Light Cavalry
56:14 Capped Ram
58:10 Hussar
62:14 Siege Ram
75:33 Conscription
86:00 Heavy Scorpion
87:33 Hoardings
87:34 Siege Engineers
113:39 Husbandry
guenzo
0:46 Loom
11:51 Feudal Age
14:09 Double-Bit Axe
14:23 Horse Collar
15:30 Wheelbarrow
14:48 Town Watch
17:48 Gold Mining
17:49 Stone Mining
22:22 Forging
22:12 Scale Mail Armor
22:47 Fishing Lines
25:59 Arson
28:42 Castle Age
29:53 Bow Saw
29:17 Crossbowman
30:02 Squires
29:48 Gambesons
31:53 Stone Shaft Mining
32:07 Iron Casting
31:47 Chain Mail Armor
31:51 Hand Cart
31:36 Town Patrol
32:37 Ironclad
33:15 Heavy Plow
33:24 Town Patrol
35:30 Caravan
36:00 Coinage
35:56 Scale Barding Armor
39:38 Chain Barding Armor
39:19 Padded Archer Armor
39:09 Fletching
39:58 Masonry
39:59 Fortified Wall
39:53 Gillnets
42:00 Ballistics
41:30 Heated Shot
45:04 Imperial Age
45:16 Elite Teutonic Knight
46:33 Crenellations
45:58 Elite Skirmisher
47:41 Hoardings
46:38 Sappers
47:38 Conscription
47:40 Pikeman
47:40 Man-at-Arms
49:00 Capped Ram
50:24 Cavalier
51:15 Bloodlines
52:44 Banking
52:24 Guilds
53:34 Chemistry
52:20 Arrowslits
57:46 Blast Furnace
57:16 Plate Mail Armor
57:22 Plate Barding Armor
56:44 Bodkin Arrow
57:05 Leather Archer Armor
57:28 Bombard Tower
57:16 Siege Engineers
Lagartixa acessa
5:53 Loom
16:01 Feudal Age
17:29 Wheelbarrow
16:40 Town Watch
18:22 Gold Mining
18:15 Horse Collar
18:25 Double-Bit Axe
24:20 Castle Age
22:25 Stone Mining
26:33 Padded Archer Armor
26:53 Hand Cart
26:38 Town Patrol
28:26 Gold Shaft Mining
28:45 Leather Archer Armor
29:07 Caravan
34:59 Imperial Age
36:06 Guilds
36:27 Coinage
37:43 Guard Tower
38:55 Chemistry
38:29 Ring Archer Armor
37:50 Fletching
38:28 Elite Longbowman
39:36 Heavy Plow
41:22 Hoardings
41:11 Yeomen
41:19 Conscription
42:34 Sappers
43:36 Bow Saw
44:09 Scale Barding Armor
44:04 Scale Mail Armor
46:36 Warwolf
46:39 Bodkin Arrow
57:39 Guard Tower
57:35 Arrowslits
58:02 Fortified Wall
58:04 Masonry
58:01 Murder Holes
75:34 Keep
76:32 Banking
77:38 Two-Man Saw
93:10 Heavy Scorpion
101:38 Architecture
101:03 Heated Shot
101:17 Bracer
101:45 Chain Barding Armor
101:40 Chain Mail Armor
101:36 Forging
100:53 Capped Ram
Connection lost

Rejoining the realm…

Still unreachable

The connection could not be restored.

Session expired

The server has moved on; the page needs a fresh start.